 Dungeon Crawl Stone Soup version 0.25-a0-42-g6c54e25894 (webtiles) character file.

Game seed: 8902661154804713408, levelgen mode: deterministic

462 Gynju the Magician (level 6, -2/32 HPs)
             Began as a Deep Elf Fire Elementalist on Oct 23, 2019.
             Slain by a centaur warrior zombie (6 damage)
             ... on level 5 of the Dungeon.
             The game lasted 00:05:47 (5651 turns).

Gynju the Magician (Deep Elf Fire Elementalist)     Turns: 5651, Time: 00:05:47

Health: -2/32      AC:  3    Str:  5    XL:     6   Next: 79%
Magic:  6/16       EV: 15    Int: 22    God:
Gold:   236        SH:  0    Dex: 15    Spells: 7/15 levels left

rFire    . . .     SeeInvis .   b - +4 dagger
rCold    . . .     Gourm    .   (no shield)
rNeg     . . .     Faith    .   a - +0 robe
rPois    +         Spirit   .   e - +0 helmet
rElec    .         Reflect  .   (no cloak)
rCorr    .         Harm     .   (no gloves)
MR       .....                  (no boots)
Stlth    ++........             l - amulet of rage
HPRegen  0.10/turn              q - ring of poison resistance
MPRegen  0.15/turn              (no ring)

@: no status effects
A: no striking features
a: Evoke Berserk Rage


You were on level 5 of the Dungeon.
You were not hungry.

You visited 1 branch of the dungeon, and saw 5 of its levels.

You collected 236 gold pieces.

Inventory:

Hand Weapons
 b - a +4 dagger (weapon)
 f - a +0 mace
 m - a +0 dagger of electrocution
Missiles
 d - a throwing net (quivered)
Armour
 a - a +0 robe (worn)
 e - a +0 helmet (worn)
Jewellery
 l - an amulet of rage (around neck)
 q - a ring of poison resistance (left hand)
Wands
 n - a wand of digging (6)
 t - a wand of flame (18)
Scrolls
 g - 3 scrolls of immolation
 h - a scroll of noise {unknown}
 i - a scroll of teleportation
 u - a scroll of fog
 w - a scroll of fear {unknown}
Potions
 j - 2 potions of ambrosia
 k - 2 potions of curing {@q1}
 o - 3 potions of haste {unknown}
 p - a potion of brilliance
 r - 2 potions of mutation
 s - a potion of heal wounds {unknown}
 v - 3 potions of agility {unknown}
Comestibles
 c - 8 rations
 x - 3 chunks of flesh


   Skills:
 + Level 4.8 Dodging
 - Level 2.4 Stealth
 + Level 5.4 Spellcasting
 + Level 3.9 Conjurations
 + Level 5.1 Fire Magic


You had 7 spell levels left.
You knew the following spells:

 Your Spells              Type           Power        Failure   Level  Hunger
a - Flame Tongue          Conj/Fire      ####.        1%          1    None
b - Conjure Flame         Conj/Fire      ####....     4%          3    ##.....
c - Sticky Flame          Conj/Fire      ####....     16%         4    ####...

Your spell library contained the following spells:

 Spells                   Type           Power        Failure   Level  Hunger
 Throw Flame              Conj/Fire      ####..       2%          2    None
 Inner Flame              Hex/Fire       ###.....     11%         3    ##.....
 Fireball                 Conj/Fire      ####......   38%         5    #####..


Dungeon Overview and Level Annotations

Branches:
Dungeon (5/15)
 Temple: D:4-7

Altars:
Makhleb
Qazlal


Message History

The centaur warrior zombie hits you but does no damage.
The centaur warrior zombie closely misses you.
Casting: Flame Tongue (safe; 1% risk of failure)
Confirm with . or Enter, or press ? or * to list all spells.
Aiming: Flame Tongue (safe; 1% risk of failure)
Press: ? - help, Shift-Dir - straight line, f/p - centaur warrior zombie
Aim: a centaur warrior zombie (heavily damaged)
The flame tongue hits the centaur warrior zombie!
The centaur warrior zombie is severely damaged.
The centaur warrior zombie hits you!
* * * LOW HITPOINT WARNING * * *
Casting: Flame Tongue (safe; 1% risk of failure)
Confirm with . or Enter, or press ? or * to list all spells.
Aiming: Flame Tongue (safe; 1% risk of failure)
Press: ? - help, Shift-Dir - straight line, f/p - centaur warrior zombie
Aim: a centaur warrior zombie (severely damaged)
The flame tongue hits the centaur warrior zombie!
The centaur warrior zombie is almost destroyed.
The centaur warrior zombie hits you.
You die...

####.......#
#..##.#.# #.###.#.#
#.#...#.# #+#
#.#...#.# ######.#
#.#...#.#
#...##.###
#.##.##.#
....##...#
#Z##.##.#
#...#....###
#.@.....#
##.#(......#
####.####
#.........#######.#
###...............#
###...###########
#...# #.### #.# #.#


You could see a centaur warrior zombie.

Vanquished Creatures
  A water moccasin skeleton (D:2)
  A gnoll shaman (D:4)
  2 orc wizards (D:4)
  An iguana (D:4)
  A worker ant (D:4)
  A worker ant zombie (D:5)
  6 adders
  9 gnolls
  A shadow imp (D:3)
  An adder skeleton (D:4)
  4 worms
  2 dart slugs (D:1)
  6 leopard geckos
  6 orcs
  2 ball pythons
  8 bats
  4 giant cockroaches
  9 goblins
  8 hobgoblins
  2 jackals (D:3)
  8 kobolds
  A quokka (D:3)
  8 frilled lizards
  8 rats
100 creatures vanquished.

Notes
Turn   | Place    | Note
-------+----------+-------------------------------------------
     0 | D:1      | Gynju the Deep Elf Fire Elementalist began the quest for
                  | the Orb.
     0 | D:1      | Reached XP level 1. HP: 10/10 MP: 6/6
   226 | D:1      | Reached XP level 2. HP: 15/15 MP: 6/8
   852 | D:1      | Reached XP level 3. HP: 19/19 MP: 8/10
  1000 | D:2      | Learned a level 3 spell: Conjure Flame
  1265 | D:2      | Reached XP level 4. HP: 24/24 MP: 5/11
  1271 | D:2      | Learned a level 4 spell: Sticky Flame
  1599 | D:2      | Reached XP level 5. HP: 28/28 MP: 7/13
  1855 | D:2      | Found a stormy altar of Qazlal.
  2221 | D:2      | Found a burning altar of Makhleb.
  3736 | D:4      | Reached XP level 6. HP: 16/32 MP: 10/15
  3740 | D:4      | Reached skill level 5 in Spellcasting
  4647 | D:4      | Reached skill level 5 in Fire Magic
  5267 | D:5      | Entered Level 5 of the Dungeon
  5651 | D:5      | Slain by a centaur warrior zombie

Levels and vault maps discovered:
D:1:      dpeg_arrival_rooms_b, layout_basic
D:2:      layout_loops_ring, lightli_temple_of_fire, grunt_qazlal_sundering,
          first_ration
D:3:      layout_rooms, kennysheep_crisscross
D:4:      layout_cave_pods
D:5:      layout_loops_corners, lemuel_temple_firewalk_b,
          minmay_misc_feat_doors, serial_bayou_lagoon_b

Skill      XL: |  1  2  3  4  5  6 |
---------------+-------------------+-----
Dodging        | 3 4 |  4.8
Conjurations   | 2 3 |  3.9
Spellcasting   | 4 5 |  5.4
Fire Magic     | 4 5 |  5.1
Stealth        | |  2.4

Action                   |  1- 3 |  4- 6 || total
-------------------------+-------+-------++-------
Melee: Unarmed           |     8 |       ||     8
       Mace              |     2 |       ||     2
       Dagger            |       |    15 ||    15
 Cast: Flame Tongue      |    63 |   172 ||   235
       Sticky Flame      |       |     2 ||     2
       Conjure Flame     |       |     1 ||     1
  Use: Scroll            |       |     9 ||     9
  Eat: Chunk             |     1 |    10 ||    11
       Ration            |       |     1 ||     1
Armor: Robe              |     6 |     8 ||    14
Dodge: Dodged            |    29 |    54 ||    83

Table legend:
 A = Non-vault XP
 B = Vault XP
 C = Vault XP percentage of total XP
 D = Non-vault monster count
 E = Vault monster count
 F = Vault count percentage of total count
                 A         B        C        D         E       F
            +---------+---------+-------+---------+---------+-------
      Total |     660 |       0 |   0.0 |     100 |       0 |   0.0
            +---------+---------+-------+---------+---------+-------
        D:1 |      47 |       0 |   0.0 |      26 |       0 |   0.0
        D:2 |     173 |       0 |   0.0 |      25 |       0 |   0.0
        D:3 |      92 |       0 |   0.0 |      26 |       0 |   0.0
        D:4 |     314 |       0 |   0.0 |      20 |       0 |   0.0
        D:5 |      34 |       0 |   0.0 |       3 |       0 |   0.0
            +---------+---------+-------+---------+---------+-------
